 Dungeon Crawl Stone Soup version 0.21.1-1-g345015f (webtiles) character file.

105 Lilu the Skirmisher (level 4, 0/41 HPs)
             Began as a Centaur Arcane Marksman on July 26, 2018.
             Slain by a gnoll
             ... wielding a +0 halberd
              (6 damage)
             ... on level 2 of the Dungeon.
             The game lasted 00:05:59 (1397 turns).

Lilu the Skirmisher (Centaur Arcane Marksman)       Turns: 1397, Time: 00:06:00

Health: 0/41       AC:  4    Str: 12    XL:     4   Next: 53%
Magic:  5/5        EV: 10    Int: 12    God:
Gold:   0          SH:  0    Dex: 11    Spells: 4/5 levels left

rFire    . . .     SeeInvis .   e - +2 spear (freeze)
rCold    . . .     Gourm    .   (no shield)
rNeg     . . .     Faith    .   a - +0 robe
rPois    .         Spirit   .   (no helmet)
rElec    .         Reflect  .   (no cloak)
rCorr    .         Harm     .   (no gloves)
MR       .....                  (no barding)
Stlth    +.........             (no amulet)
HPRegen  0.13/turn              (no ring)
MPRegen  0.09/turn              (no ring)

@: very quick
A: large, hooves 3, deformed body, speed 2, tough skin 3
a: no special abilities


You were on level 2 of the Dungeon.
You were hungry.

You visited 1 branch of the dungeon, and saw 2 of its levels.

Inventory:

Hand Weapons
 e - a +2 spear of freezing (weapon)
 k - a +0 hunting sling
Missiles
 m - 24 arrows
Armour
 a - a +0 robe (worn)
 l - a +0 plate armour
Scrolls
 g - 4 scrolls of remove curse {unknown}
 h - a scroll of identify {unknown}
 j - 3 scrolls of enchant armour {unknown}
Books
 b - a book of Debilitation

   Spells                             Type                      Level
   a - Corona                         Hexes                        1
   b - Slow                           Hexes                        2
   c - Inner Flame                    Hexes/Fire                   3
   d - Portal Projectile              Hexes/Translocation          3
   e - Cause Fear                     Hexes                        4
   f - Leda's Liquefaction            Hexes/Earth                  4
Comestibles
 c - 2 chunks of flesh
 f - 3 rations


   Skills:
 + Level 4.4 Fighting
 - Level 2.1 Throwing
 - Level 1.3 Dodging
 - Level 1.0 Spellcasting
 - Level 2.6 Hexes


You had 4 spell levels left.
You knew the following spells:

 Your Spells              Type           Power        Failure   Level  Hunger
a - Corona                Hex            #......      10%         1    ##.....


Dungeon Overview and Level Annotations

Branches:
Dungeon (2/15)

Altars:


Innate Abilities, Weirdness & Mutations

You have hooves in place of feet.
Armour fits poorly on your strangely shaped body.
You cover ground very quickly.
You have extremely tough skin. (AC +3)


Message History

The gnoll closely misses you. The goblin hits you with a club.
The gnoll shaman misses you. The gnoll closely misses you.
You hit the gnoll shaman. You freeze the gnoll shaman.
You kick the gnoll shaman.
The gnoll shaman is severely wounded.
The goblin closely misses you.
The gnoll hits you from afar with a spear.
The gnoll shaman barely misses you.
The gnoll shouts!
You hit the gnoll shaman. You freeze the gnoll shaman.
You kill the gnoll shaman!
The gnoll hits you from afar with a spear.
The goblin hits you with a club.
* * * LOW HITPOINT WARNING * * *
The gnoll hits you from afar with a spear.
* * * LOW HITPOINT WARNING * * *
A gnoll comes into view. It is wielding a halberd.
The gnoll shouts!
The gnoll hits you from afar with a halberd.
You die...

.# #......g.... ..
#..r..r<# .... #.
###.....## #... #.#
..#..S.g#
#.#.####..###.#.....#
#......##..##.#.....#
.#.......##.##.##†...#
.......g....gr)g..####
.g....)g.@.g.g$)..#
.........?........#
......g)<.#########
..........#
#.........#
#.........#
#...$.....#
#....g....#
#.........#


You could see 6 gnolls, 2 goblins and a rat.

Vanquished Creatures
  A gnoll shaman (D:2)
  Terence (D:2)
  2 gnolls (D:2)
  An adder (D:2)
  A worm (D:2)
  3 goblins
  A hobgoblin (D:2)
  2 kobolds
  A quokka (D:2)
  A ball python (D:2)
  4 bats
  5 frilled lizards
  A rat (D:2)
24 creatures vanquished.

Notes
Turn   | Place    | Note
-------+----------+-------------------------------------------
     0 | D:1      | Lilu the Centaur Arcane Marksman began the quest for the Orb.
     0 | D:1      | Reached XP level 1. HP: 16/16 MP: 2/2
   210 | D:1      | Reached skill level 2 in Fighting
   353 | D:1      | Reached XP level 2. HP: 24/24 MP: 3/3
   692 | D:2      | Noticed Terence
   719 | D:2      | Killed Terence
   719 | D:2      | Reached skill level 3 in Fighting
   719 | D:2      | Reached XP level 3. HP: 8/31 MP: 4/4
  1385 | D:2      | Reached skill level 4 in Fighting
  1385 | D:2      | Reached XP level 4. HP: 25/40 MP: 5/5
  1397 | D:2      | Slain by a gnoll

Skill      XL: |  1  2  3 |
---------------+----------+-----
Fighting       | 2 3 4 |  4.4
Throwing       | |  2.1
Dodging        | |  1.3
Spellcasting   | |  1.0
Hexes          | |  2.6

Action                   |  1- 3 |  4- 6 || total
-------------------------+-------+-------++-------
Melee: Spear             |    48 |     7 ||    55
       Kick              |     7 |     3 ||    10
Throw: Javelin           |    11 |       ||    11
       Throwing net      |     2 |       ||     2
 Cast: Corona            |     1 |       ||     1
Armor: Robe              |    30 |       ||    30
Dodge: Dodged            |    39 |    13 ||    52
